NWL (28 & UNDER)
BISMARCK BARONS @ SAN DIEGO SMASHERS
07/16/2028
 
TOP OF THE 1ST
Bismarck Barons batting - Pitching for San Diego Smashers : RHP Roberto Carrillo
Pitching: RHP Roberto Carrillo
Batting: LHB Earl Wigfall 0-0: Called Strike
0-1: Ball
1-1: Ground out 4-3 (Groundball, 4)
Batting: RHB Eugenio Maldonado 0-0: Called Strike
0-1: Foul Ball, location: 2F
0-2: Foul Ball, location: 2F
0-2: Ball
1-2: Ball
2-2: Foul Ball, location: 2F
2-2: Ball
3-2: Base on Balls
Batting: RHB Jason Stover 0-0: Ball
1-0: DOUBLE (Line Drive, 9LD)
Eugenio Maldonado to third
Batting: LHB Jesús Bueno 0-0: Foul Ball, location: 2F
0-1: SINGLE (Line Drive, 9S)
Eugenio Maldonado scores
Jason Stover to third
Batting: RHB Dave Anderson 0-0: Ball
1-0: Called Strike
1-1: Foul Ball, location: 2F
1-2: Grounds into double play, 6-4-3 (Groundball, 6)
Top of the 1st over - 1 run(s), 2 hit(s), 0 error(s), 1 left on base; Bismarck 1 - San Diego 0
BOTTOM OF THE 1ST
San Diego Smashers batting - Pitching for Bismarck Barons : RHP Robinson Alomar
Pitching: RHP Robinson Alomar
Batting: LHB Michael Myers 0-0: Ball
1-0: Foul Ball, location: 2F
1-1: Foul Ball, location: 2F
1-2: Foul Ball, location: 2F
1-2: Ball
2-2: Ball
3-2: Foul Ball, location: 2F
3-2: Foul Ball, location: 2F
3-2: Foul Ball, location: 2F
3-2: Base on Balls
Batting: RHB Gerald Davis 0-0: Swinging Strike
0-1: Swinging Strike
0-2: Ball
1-2: Foul Ball, location: 2F
1-2: Foul Ball, location: 2F
1-2: Fly out, F8 (Flyball, 8LM)
Batting: RHB Jake Reeves 0-0: Ball
Michael Myers is caught stealing 2nd base
1-0: Foul Ball, location: 2F
1-1: Fly out, F9 (Flyball, 9LMF)
Bottom of the 1st over - 0 run(s), 0 hit(s), 0 error(s), 0 left on base; Bismarck 1 - San Diego 0
TOP OF THE 2ND
Bismarck Barons batting - Pitching for San Diego Smashers : RHP Roberto Carrillo
Batting: RHB Mark Roy 0-0: Called Strike
0-1: Called Strike
0-2: Ball
1-2: Strikes out swinging
Batting: RHB Eric Black 0-0: SINGLE (Groundball, 56D)
Batting: RHB Tomás Rivera 0-0: Called Strike
0-1: Ball
1-1: Ball
2-1: Ball
3-1: Ground out 6-3 (Groundball, 6S)
Eric Black to second
Batting: RHB Xie-li Fong 0-0: SINGLE (Flyball, 9LS)
Eric Black to third
Batting: LHB Earl Wigfall 0-0: Ball
1-0: Ground out 4-3 (Groundball, 34)
Top of the 2nd over - 0 run(s), 2 hit(s), 0 error(s), 2 left on base; Bismarck 1 - San Diego 0
BOTTOM OF THE 2ND
San Diego Smashers batting - Pitching for Bismarck Barons : RHP Robinson Alomar
Batting: LHB Arthur MacDonald 0-0: Swinging Strike
0-1: Ball
1-1: Ball
2-1: Ball
3-1: Ground out U3 (Groundball, 3L)
Batting: RHB Javier González 0-0: Ball
1-0: Swinging Strike
1-1: Ball
2-1: Swinging Strike
2-2: Strikes out swinging
Batting: LHB Richard Brooks 0-0: Ball
1-0: Foul Ball, location: 2F
1-1: Called Strike
1-2: Ball
2-2: Ball
3-2: Foul Ball, location: 2F
3-2: SINGLE (Groundball, 4MD)
Batting: RHB John Nelson 0-0: Ball
1-0: Called Strike
1-1: Ball
2-1: Foul Ball, location: 2F
2-2: Strikes out swinging
Bottom of the 2nd over - 0 run(s), 1 hit(s), 0 error(s), 1 left on base; Bismarck 1 - San Diego 0
TOP OF THE 3RD
Bismarck Barons batting - Pitching for San Diego Smashers : RHP Roberto Carrillo
Batting: RHB Eugenio Maldonado 0-0: Swinging Strike
0-1: Ball
1-1: Ball
2-1: Ball
3-1: Called Strike
3-2: Foul Ball, location: 2F
3-2: Foul Ball, location: 2F
3-2: Foul Ball, location: 2F
3-2: Strikes out looking
Batting: RHB Jason Stover 0-0: Ball
1-0: Swinging Strike
1-1: SINGLE (Groundball, 6) (infield hit)
Batting: LHB Jesús Bueno 0-0: Called Strike
Jason Stover is caught stealing 2nd base
0-1: Ball
1-1: Ball
2-1: Ball
3-1: Foul Ball, location: 2F
3-2: Strikes out looking
Top of the 3rd over - 0 run(s), 1 hit(s), 0 error(s), 0 left on base; Bismarck 1 - San Diego 0
BOTTOM OF THE 3RD
San Diego Smashers batting - Pitching for Bismarck Barons : RHP Robinson Alomar
Batting: RHB Manny Torrez 0-0: Swinging Strike
0-1: Swinging Strike
0-2: Strikes out swinging
Batting: RHB Dave King 0-0: Ball
1-0: Ball
2-0: Called Strike
2-1: Called Strike
2-2: Foul Ball, location: 2F
2-2: Strikes out swinging
Batting: LHB Michael Myers 0-0: Fly out, F7 (Flyball, 7LM)
Bottom of the 3rd over - 0 run(s), 0 hit(s), 0 error(s), 0 left on base; Bismarck 1 - San Diego 0
TOP OF THE 4TH
Bismarck Barons batting - Pitching for San Diego Smashers : RHP Roberto Carrillo
Batting: RHB Dave Anderson 0-0: Ball
1-0: SINGLE (Line Drive, 4MD)
Batting: RHB Mark Roy 0-0: Called Strike
0-1: Ball
1-1: Ball
2-1: Ball
3-1: Called Strike
3-2: Fly out, F8 (Flyball, 89M)
Batting: RHB Eric Black 0-0: Called Strike
0-1: Called Strike
0-2: Ball
1-2: Ball
2-2: Fly out, F9 (Flyball, 9S)
Batting: RHB Tomás Rivera 0-0: Called Strike
Dave Anderson steals 2nd base
0-1: Ball
1-1: Called Strike
1-2: Strikes out swinging
Top of the 4th over - 0 run(s), 1 hit(s), 0 error(s), 1 left on base; Bismarck 1 - San Diego 0
BOTTOM OF THE 4TH
San Diego Smashers batting - Pitching for Bismarck Barons : RHP Robinson Alomar
Batting: RHB Gerald Davis 0-0: Fly out, F9 (Flyball, 9LMF)
Batting: RHB Jake Reeves 0-0: Ball
1-0: SINGLE (Groundball, 6M) (infield hit)
Batting: LHB Arthur MacDonald 0-0: Called Strike
0-1: Fly out, F9 (Line Drive, 9D)
Batting: RHB Javier González 0-0: Ball
1-0: Ball
2-0: Fly out, F5 (Popup, 5L)
Bottom of the 4th over - 0 run(s), 1 hit(s), 0 error(s), 1 left on base; Bismarck 1 - San Diego 0
TOP OF THE 5TH
Bismarck Barons batting - Pitching for San Diego Smashers : RHP Roberto Carrillo
Batting: RHB Xie-li Fong 0-0: Called Strike
0-1: Swinging Strike
0-2: Ball
1-2: Foul Ball, location: 2F
1-2: Strikes out swinging
Batting: LHB Earl Wigfall 0-0: Ball
1-0: Ground out 4-3 (Groundball, 4)
Batting: RHB Eugenio Maldonado 0-0: Ball
1-0: Ball
2-0: Foul Ball, location: 2F
2-1: Ball
3-1: Base on Balls
Batting: RHB Jason Stover 0-0: Hit by Pitch
Eugenio Maldonado to second
Batting: LHB Jesús Bueno 0-0: Swinging Strike
0-1: Ball
1-1: Swinging Strike
1-2: Fly out, F7 (Flyball, 7S)
Top of the 5th over - 0 run(s), 0 hit(s), 0 error(s), 2 left on base; Bismarck 1 - San Diego 0
BOTTOM OF THE 5TH
San Diego Smashers batting - Pitching for Bismarck Barons : RHP Robinson Alomar
Batting: LHB Richard Brooks 0-0: Ground out 4-3 (Groundball, 34)
Batting: RHB John Nelson 0-0: Swinging Strike
0-1: Swinging Strike
0-2: Ball
1-2: Ball
2-2: Strikes out looking
Batting: RHB Manny Torrez 0-0: Ball
1-0: Foul Ball, location: 2F
1-1: Fly out, F9 (Flyball, 9LSF)
Bottom of the 5th over - 0 run(s), 0 hit(s), 0 error(s), 0 left on base; Bismarck 1 - San Diego 0
TOP OF THE 6TH
Bismarck Barons batting - Pitching for San Diego Smashers : RHP Roberto Carrillo
Batting: RHB Dave Anderson 0-0: Fly out, F8 (Flyball, 8LM)
Batting: RHB Mark Roy 0-0: Called Strike
0-1: Ball
1-1: Foul Ball, location: 2F
1-2: Ball
2-2: Foul Ball, location: 2F
2-2: Foul Ball, location: 2F
2-2: Strikes out swinging
Batting: RHB Eric Black 0-0: Ball
1-0: Called Strike
1-1: Ground out 6-3 (Groundball, 6)
Top of the 6th over - 0 run(s), 0 hit(s), 0 error(s), 0 left on base; Bismarck 1 - San Diego 0
BOTTOM OF THE 6TH
San Diego Smashers batting - Pitching for Bismarck Barons : RHP Robinson Alomar
Batting: RHB Dave King 0-0: Swinging Strike
0-1: SOLO HOME RUN (Flyball, 89XD), Distance : 416 ft
Batting: LHB Michael Myers 0-0: Ball
1-0: Ball
2-0: Ball
3-0: Base on Balls
Batting: RHB Gerald Davis 0-0: Ball
1-0: Ball
2-0: Called Strike
2-1: Foul Ball, location: 2F
2-2: SINGLE (Groundball, 56D)
Michael Myers to second
Batting: RHB Jake Reeves 0-0: Called Strike
0-1: Ball
1-1: Ball
2-1: Swinging Strike
2-2: Foul Ball, location: 2F
2-2: SINGLE (Line Drive, 78S)
Michael Myers to third
Gerald Davis to second
Batting: LHB Arthur MacDonald 0-0: Ball
1-0: Ball
2-0: Foul Ball, location: 2F
2-1: Swinging Strike
2-2: Ball
3-2: Base on Balls
Michael Myers scores
Gerald Davis to third
Jake Reeves to second
Batting: RHB Javier González 0-0: Ball
1-0: Ball
2-0: Ball
3-0: Called Strike
3-1: Called Strike
3-2: Fly out, F8 (Flyball, 8RM)
Runner from 3rd tags up, SCORES, no throw
Pitching: LHP Christiano Gomes
Batting: LHB Richard Brooks 0-0: Foul Ball, location: 2F
0-1: Ball
1-1: Ball
2-1: Foul Ball, location: 2F
2-2: Ball
3-2: Fly out, F6 (Line Drive, 6M)
Batting: RHB John Nelson 0-0: Ball
1-0: Ball
2-0: Called Strike
2-1: Foul Ball, location: 2F
2-2: Ball
3-2: Foul Ball, location: 2F
3-2: Base on Balls
Jake Reeves to third
Arthur MacDonald to second
Batting: RHB Manny Torrez 0-0: Called Strike
0-1: Ball
1-1: Ball
2-1: Called Strike
2-2: SINGLE (Groundball, 56D)
Jake Reeves scores
Arthur MacDonald to third
John Nelson to second
Runner from 3rd tries for Home, SAFE, throw made home
John Nelson to third
Manny Torrez to second
Batting: RHB Dave King 0-0: Ball
1-0: Called Strike
1-1: Foul Ball, location: 2F
1-2: Ground out 3-1 (Groundball, 34)
Bottom of the 6th over - 5 run(s), 4 hit(s), 0 error(s), 2 left on base; Bismarck 1 - San Diego 5
TOP OF THE 7TH
Bismarck Barons batting - Pitching for San Diego Smashers : RHP Roberto Carrillo
Pitching: LHP Alejandro Flores
Batting: RHB Tomás Rivera 0-0: Ball
1-0: SOLO HOME RUN (Flyball, 78XD), Distance : 393 ft
Pitching: LHP Mike Stevens
Batting: RHB Xie-li Fong 0-0: Called Strike
0-1: Swinging Strike
0-2: Ball
1-2: Strikes out swinging
Batting: LHB Earl Wigfall 0-0: Called Strike
0-1: Ball
1-1: Ball
2-1: Foul Ball, location: 2F
2-2: Fly out, F7 (Flyball, 7LS)
Batting: RHB Eugenio Maldonado 0-0: Called Strike
0-1: Called Strike
0-2: Ball
1-2: Strikes out swinging
Top of the 7th over - 1 run(s), 1 hit(s), 0 error(s), 0 left on base; Bismarck 2 - San Diego 5
BOTTOM OF THE 7TH
San Diego Smashers batting - Pitching for Bismarck Barons : LHP Christiano Gomes
Batting: LHB Michael Myers 0-0: Ball
1-0: Called Strike
1-1: Ball
2-1: Ground out U3 (Groundball, 3)
Batting: RHB Gerald Davis 0-0: Ball
1-0: Fly out, F8 (Flyball, 89S)
Batting: RHB Jake Reeves 0-0: Called Strike
0-1: Fly out, F8 (Flyball, 8RS)
Bottom of the 7th over - 0 run(s), 0 hit(s), 0 error(s), 0 left on base; Bismarck 2 - San Diego 5
TOP OF THE 8TH
Bismarck Barons batting - Pitching for San Diego Smashers : LHP Mike Stevens
Batting: RHB Jason Stover 0-0: Swinging Strike
0-1: Called Strike
0-2: Ball
1-2: Fly out, F9 (Flyball, 9S)
Batting: LHB Jesús Bueno 0-0: Called Strike
0-1: Called Strike
0-2: Ball
1-2: Ball
2-2: Foul Ball, location: 2F
2-2: Foul Ball, location: 2F
2-2: Strikes out swinging
Batting: RHB Dave Anderson 0-0: Called Strike
0-1: Ground out 5-3 (Groundball, 56S)
Top of the 8th over - 0 run(s), 0 hit(s), 0 error(s), 0 left on base; Bismarck 2 - San Diego 5
BOTTOM OF THE 8TH
San Diego Smashers batting - Pitching for Bismarck Barons : LHP Christiano Gomes
Batting: LHB Arthur MacDonald 0-0: Foul Ball, location: 2F
0-1: Ball
1-1: Fly out, F8 (Flyball, 8LD)
Batting: RHB Javier González 0-0: Foul Ball, location: 2F
0-1: Swinging Strike
0-2: Ball
1-2: Strikes out swinging
Batting: LHB Richard Brooks 0-0: Ball
1-0: Ball
2-0: Called Strike
2-1: Foul Ball, location: 2F
2-2: Ball
3-2: Ground out 4-3 (Groundball, 4)
Bottom of the 8th over - 0 run(s), 0 hit(s), 0 error(s), 0 left on base; Bismarck 2 - San Diego 5
TOP OF THE 9TH
Bismarck Barons batting - Pitching for San Diego Smashers : LHP Mike Stevens
Pitching: RHP Joe Shoemaker
Batting: RHB Mark Roy 0-0: Ball
1-0: Ball
2-0: Swinging Strike
2-1: Called Strike
2-2: Strikes out looking
Batting: RHB Eric Black 0-0: Called Strike
0-1: Foul Ball, location: 2F
0-2: Strikes out looking
Batting: RHB Tomás Rivera 0-0: Foul Ball, location: 2F
0-1: Swinging Strike
0-2: Ball
1-2: Strikes out swinging
Top of the 9th over - 0 run(s), 0 hit(s), 0 error(s), 0 left on base; Bismarck 2 - San Diego 5
Tuesday, August 8th, 2017 - OOTP Baseball 17.12 Build 75